 Dungeon Crawl Stone Soup version 0.27-a0-1319-geec4fb4e21 (webtiles) character file.

Game seed: 14348273703449741281

237 lessens the Scratcher (level 5, 0/22 HPs)
             Began as a Felid Transmuter on June 21, 2021.
             Killed by divine providence
             ... invoked by an orc priest
              (12 damage)
             ... on level 4 of the Dungeon.
             The game lasted 00:04:35 (4320 turns).

lessens the Scratcher (Felid Transmuter)            Turns: 4320, Time: 00:04:36

Health: 0/22       AC:  1    Str:  7    XL:     5   Next: 77%
Magic:  8/9        EV: 17    Int: 15    God:
Gold:   99         SH:  5    Dex: 16    Spells: 2/8 levels left
                                        Lives:  0   Deaths: 1

rFire    . . .     SeeInvis +     - Unarmed
rCold    . . .     Faith    .   (shield unavailable)
rNeg     . . .     Spirit   .   (armour unavailable)
rPois    .         Reflect  +   (helmet unavailable)
rElec    .         Harm     .   (cloak unavailable)
rCorr    .         Rampage  .   (gloves unavailable)
Will     .....                  (boots unavailable)
Stlth    +.........             m - amulet of reflection
HPRegen  0.07/turn              (no ring)
MPRegen  0.11/turn              (no ring)

@: appendages (expiring), quick
A: horns 2, very small, claws 1, fangs 3, see invisible, speed 1, shaggy fur 1,
stealthy paws, no weapons or thrown items, no armour, multi-lived
a: End Transformation


You were on level 4 of the Dungeon.
You had temporarily grown beastly horns.
You visited 1 branch of the dungeon, and saw 4 of its levels.

You collected 99 gold pieces.

Inventory:

Jewellery
 j - an amulet of guardian spirit
 m - an amulet of reflection (around neck)
Scrolls
 a - a scroll of immolation {unknown}
 b - a scroll of vulnerability {unknown}
 d - a scroll of fear {unknown}
 e - 2 scrolls of enchant weapon {unknown}
 f - a scroll of enchant armour {unknown}
 i - a scroll of teleportation {unknown}
 l - a scroll of identify {unknown}
 n - a scroll of blinking {unknown}
 p - a scroll of amnesia {unknown}
 q - 3 scrolls of acquirement {unknown}
Potions
 c - a potion of brilliance {unknown}
 g - a potion of attraction
 h - 2 potions of magic {unknown}
 k - a potion of lignification {unknown}
 o - a potion of flight {unknown}


   Skills:
 - Level 1.0 Fighting
 - Level 2.6 Dodging
 + Level 5.2 Unarmed Combat
 - Level 2.0 Spellcasting
 - Level 4.9 Transmutations
 + Level 0.8 Poison Magic


You had 2 spell levels left.
You knew the following spells:

 Your Spells              Type           Power      Damage    Failure   Level
a - Beastly Appendage     Tmut           32%        N/A       3%          1
b - Wereblood             Tmut           16%        N/A       4%          2
c - Spider Form           Tmut/Pois      5%         N/A       21%         3

Your spell library contained the following spells:

 Spells                   Type           Power      Damage    Failure   Level
 Ice Form                 Ice/Tmut       8%         N/A       63%         4


Dungeon Overview and Level Annotations

Branches:
Dungeon (4/15)
 Temple: D:4-7

Altars:
Beogh


Innate Abilities, Weirdness & Mutations

You have temporarily grown beastly horns.
You have sharp claws.
You have razor-sharp teeth.
You have supernaturally acute eyesight. (SInv)
You cover ground quickly. (Speed+)
You are covered in fur. (AC +1)
Your paws help you pounce on unaware monsters.
You are incapable of wielding weapons or throwing items.
You cannot wear armour.
You gain extra lives every three experience levels.


Message History

You barely miss the endoplasm. The endoplasm barely misses you.
You completely miss the endoplasm. You headbutt the endoplasm.
The endoplasm is heavily wounded.
You block the endoplasm's attack.
You scratch the endoplasm.
You kill the endoplasm!
No target in view!
No target in view!
Magic restored.
Your transformation is almost over.
Your horns disappear.
HP restored.
An orc comes into view. It is wielding a +0 hand axe.
An orc is nearby!
An orc is nearby!
An orc is nearby!
Casting: Beastly Appendage (safe; 3% risk of failure)
Press: ? - help, Q - select action, (/) - cycle Dir - look around, f - activate You grow a pair of large bovine horns.
Your transformation is almost over.
The orc shouts!
You hear a shout!
An orc wizard comes into view. It is wielding a +0 dagger.
The orc wizard shouts!
Found 17 poisoned darts.
You see here a scroll labelled KOKKEF SI NA ORCHY.
An orc priest comes into view. It is wielding a +0 hand axe.
The orc priest shouts!
You hear a shout!
An orc comes into view. It is wielding a +0 hand axe.
You block the orc's attack.
A jackal comes into view.
You scratch the orc.
The orc is heavily wounded.
The orc wizard points at you and mumbles some strange words.
The magic dart hits you. The orc hits you with a +0 hand axe.
You barely miss the orc.
The orc is heavily wounded.
The orc priest invokes the aid of Beogh against you.
Beogh smites you!
Ouch! That really hurt!
You die...

...... .(.
##.##.....# .....
#...#.....##
......##...........
................o..
........... ..oo#
..........##....#
..............#@o...#
............?.#....#
............##....#
...##.##..## ...##
#..... ##.##....#
#...#.###.....##.
#..###......!.[.##
#..............##
#..............#


You could see an orc priest, an orc wizard and 2 orcs.

Vanquished Creatures
  Sigmund (D:2)
  A hound (D:3)
  4 adders
  2 worms (D:2)
  5 orcs
  4 endoplasms
  2 giant cockroaches (D:1)
  3 goblins
  8 hobgoblins
  3 jackals (D:3)
  2 kobolds
  2 quokkas (D:1)
  4 ball pythons
  7 bats
  A frilled lizard (D:2)
  3 rats
52 creatures vanquished.

Notes
Turn   | Place    | Note
-------+----------+-------------------------------------------
     0 | D:1      | lessens the Felid Transmuter began the quest for the Orb.
     0 | D:1      | Reached XP level 1. HP: 9/9 MP: 4/4
   409 | D:1      | Reached XP level 2. HP: 12/12 MP: 6/6
   608 | D:1      | Learned a level 2 spell: Wereblood
  1775 | D:2      | Reached XP level 3. HP: 8/15 MP: 5/7
  2491 | D:2      | Learned a level 3 spell: Spider Form
  2533 | D:2      | Reached skill level 4 in Unarmed Combat
  2762 | D:2      | Reached XP level 4. HP: 9/19 MP: 4/8
  2952 | D:2      | Noticed Sigmund
  2968 | D:2      | Killed from afar by Sigmund
  2969 | D:2      | Reached XP level 3. HP: 0/15 MP: 6/7
  2969 | D:2      | Killed Sigmund
  2970 | D:2      | Reached skill level 5 in Unarmed Combat
  2970 | D:2      | Reached XP level 4. HP: 19/19 MP: 8/8
  2970 | D:2      | Reached XP level 5. HP: 22/22 MP: 9/9
  3256 | D:2      | Found a faded altar of an unknown god.
  4320 | D:4      | Killed from afar by an orc priest

Illustrated notes

Levels and vault maps discovered:
D:1:      wander_arrival_desolate, layout_basic, minmay_misc_feat_tower
D:2:      layout_basic, hellmonk_ecumenical_altar_defaced_shrine,
          guppyfry_early_lair_pool, uniq_sigmund
D:3:      layout_rooms, minmay_misc_feat_tiny
D:4:      layout_cave_pools

Skill      XL: |  1  2  3 |
---------------+----------+-----
Transmutations | 3 4 |  4.9
Unarmed Combat | 5 |  5.2
Fighting       | |  1.0
Dodging        | |  2.6
Spellcasting   | |  2.0
Poison Magic   | |  0.8

Action                   |  1- 3 |  4- 6 || total
-------------------------+-------+-------++-------
Melee: Unarmed           |   111 |    54 ||   165
       Headbutt          |    11 |     8 ||    19
       Bite              |    11 |     4 ||    15
       Punch             |     1 |       ||     1
 Cast: Beastly Appendage |    26 |    10 ||    36
       Spider Form       |     1 |     1 ||     2
  Use: Potion            |       |     1 ||     1
 Stab: Sleeping          |     1 |       ||     1
Armor: Skin              |     6 |     1 ||     7
Dodge: Dodged            |    89 |    29 ||   118
Block: Other             |       |     5 ||     5
       Reflection        |       |     1 ||     1

Table legend: (Time is in decaauts)
 A = Elapsed time spent in this place.
 B = Non-inter-level travel time spent in this place.
 C = Inter-level travel time spent in this place.
 D = Time resting spent in this place.
 E = Time spent auto-exploring this place.
 F = Levels seen in this place.
 G = Mean time per level.
                   A        B        C        D        E       F      G
               +--------+--------+--------+--------+--------+-----+--------+
         Total |   3842 |   3797 |     45 |    127 |   3193 |   4 |  960.5 |
       Dungeon |   3842 |   3797 |     45 |    127 |   3193 |   4 |  960.5 |
               +--------+--------+--------+--------+--------+-----+--------+

Top non-repeatable levels by time:
     D:2: 1656 daAuts
     D:1: 1488 daAuts
     D:3: 648 daAuts
     D:4: 49 daAuts
